AoeStats
← 沒起房子我日

Arena

508867569Analyzed
4v4 RM · 7d ago on Sep 24, 2026· 37m 32s· 8 players
Game mode
Random Map
Map size
Large (8 player)
Population
200
Speed
Normal
Resources
Standard
Victory
Conquest
Starting age
Dark Age
Ending age
Imperial Age
RankedLock teamsTeams togetherTeam positionsShared explorationLock speedFull tech treeHidden civsTurbo modeCheats
Victory
Defeat
🇨🇳 Tupi · China
1870
+4
🇨🇳 Saxons · China
1661
+9
🇭🇺 Britons · Hungary
1621
+10
1468
+15
🇧🇴 Wu · Bolivia
1546
-12
🇹🇼 Danes · Taiwan
1519
-11
🇩🇪 Saxons · Germany
1447
-8
🇨🇴 Bengalis · Colombia
1438
-7
[ECU] Pendeck's
11:05 Feudal Age
14:52 Castle Age
13:12 Horse Collar
17:01 Loom
20:43 Double-Bit Axe
23:05 Bow Saw
23:56 Heavy Plow
24:15 Town Watch
25:07 Wheelbarrow
25:18 Scale Mail Armor
29:10 Fletching
29:49 Stone Mining
29:50 Gold Mining
30:19 Hand Cart
30:36 Bodkin Arrow
30:53 Padded Archer Armor
37:00 Imperial Age
Kempinho
9:54 Feudal Age
13:59 Castle Age
12:02 Horse Collar
14:55 Double-Bit Axe
15:48 Loom
21:49 Wheelbarrow
22:25 Bow Saw
23:37 Fletching
26:12 Heavy Plow
30:31 Imperial Age
28:22 Bodkin Arrow
29:19 Gold Mining
29:20 Stone Mining
30:28 Ballistics
30:20 Masonry
31:18 Hand Cart
31:48 Shield Wall
32:51 Scale Mail Armor
33:01 Forging
32:42 Elite Varangian Guard
33:39 Fortified Wall
34:00 Architecture
34:00 Chain Mail Armor
34:07 Squires
33:54 Arson
35:44 Iron Casting
36:10 Plate Mail Armor
36:05 Conscription
36:34 Bracer
沒起房子我日
10:23 Feudal Age
11:07 Double-Bit Axe
14:02 Castle Age
11:44 Horse Collar
14:58 Wheelbarrow
21:05 Bow Saw
21:16 Heavy Plow
22:49 Hand Cart
27:50 Imperial Age
25:07 Loom
26:00 Scale Mail Armor
26:11 Forging
26:37 Gold Mining
26:38 Stone Mining
26:32 Pikeman
27:13 Squires
28:27 Chain Mail Armor
28:48 Iron Casting
28:56 Conscription
27:57 Halberdier
28:08 Onager
30:39 Chemistry
30:29 Siege Onager
32:38 Blast Furnace
32:15 Northmen's Fury
34:46 Plate Mail Armor
34:52 Siege Engineers
CTMlLOMBANA
5:20 Loom
10:56 Feudal Age
15:16 Castle Age
14:21 Double-Bit Axe
14:18 Horse Collar
22:17 Wheelbarrow
21:32 Town Watch
23:17 Heavy Plow
24:18 Bow Saw
24:43 Hand Cart
29:11 Imperial Age
27:06 Gold Mining
27:17 Fletching
27:27 Padded Archer Armor
27:55 Bodkin Arrow
28:30 Paiks
29:06 Leather Archer Armor
28:53 Husbandry
29:04 Bloodlines
29:25 Elite Elephant Archer
31:07 Gold Shaft Mining
31:28 Bracer
33:06 Ring Archer Armor
33:43 Chemistry
33:05 Ballistics
32:25 Elite Skirmisher
34:27 Conscription
Wolo10
10:53 Feudal Age
15:17 Castle Age
13:11 Double-Bit Axe
13:51 Horse Collar
15:37 Gold Mining
15:33 Crossbowman
18:19 Wheelbarrow
17:52 Fletching
19:04 Bow Saw
19:40 Loom
22:04 Town Watch
23:16 Bodkin Arrow
26:23 Hand Cart
26:47 Heavy Plow
26:51 Gold Mining
26:54 Stone Mining
30:46 Imperial Age
29:15 Ballistics
29:18 Padded Archer Armor
30:06 Gold Shaft Mining
31:12 Yeomen
31:36 Bracer
32:41 Chemistry
32:14 Leather Archer Armor
32:17 Arbalester
33:05 Warwolf
33:52 Ring Archer Armor
33:14 Elite Skirmisher
35:58 Warwolf
宇宙无敌超级牛逼的青尢
7:15 Loom
9:20 Feudal Age
7:38 Loom
15:09 Castle Age
15:27 Double-Bit Axe
15:37 Gold Mining
22:38 Fervor
23:39 Bow Saw
25:04 Wheelbarrow
26:35 Hand Cart
26:05 Town Watch
31:17 Imperial Age
30:25 Gold Shaft Mining
31:19 Cavalier
32:00 Husbandry
32:54 Forging
32:50 Scale Barding Armor
33:53 Chemistry
32:37 Treadmill Crane
32:45 Paladin
34:11 Iron Casting
34:07 Conscription
34:45 Chain Barding Armor
38:29 Blast Furnace
38:05 Plate Barding Armor
CNZS_Dadaya
10:17 Feudal Age
11:05 Double-Bit Axe
14:05 Castle Age
12:14 Horse Collar
23:45 Wheelbarrow
23:43 Bow Saw
24:19 Gold Mining
24:26 Loom
25:02 Hand Cart
29:31 Imperial Age
27:08 Squires
27:09 Scale Mail Armor
27:19 Forging
28:00 Heavy Plow
28:36 Gold Shaft Mining
29:18 Chain Mail Armor
29:15 Gambesons
29:15 Arson
30:32 Iron Casting
29:42 Elite Varangian Guard
29:58 Capped Ram
31:24 Plate Mail Armor
30:33 Shield Wall
31:57 Conscription
31:28 Fletching
33:14 Siege Ram
34:30 Siege Engineers
36:36 Coinage
38:39 Two-Man Saw
qingchen3457
10:38 Feudal Age
10:06 Loom
11:41 Double-Bit Axe
14:29 Castle Age
12:53 Gold Mining
15:59 Fletching
17:37 Town Watch
18:32 Bodkin Arrow
22:12 Padded Archer Armor
23:35 Horse Collar
27:22 Bow Saw
36:19 Ballistics
36:46 Wheelbarrow
40:22 Imperial Age
Connection lost

Rejoining the realm…

Still unreachable

The connection could not be restored.

Session expired

The server has moved on; the page needs a fresh start.